 Dungeon Crawl Stone Soup version 0.21.1-1-g345015fe64 (webtiles) character file.

520370 Oravi the Slingshot (level 27, -16/207 HPs)
             Began as a Halfling Hunter on Apr 23, 2018.
             Was a High Priest of Okawaru.
             Killed from afar by an ice dragon (44 damage)
             ... with a blast of cold
             ... on level 4 of the Vaults on Apr 24, 2018.
             The game lasted 08:03:54 (79427 turns).

Oravi the Slingshot (Halfling Hunter)              Turns: 79427, Time: 08:03:59

Health: -16/207    AC: 28    Str: 29    XL:     27
Magic:  0/28       EV: 46    Int:  9    God:    Okawaru [*****.]
Gold:   5505       SH: 18    Dex: 38    Spells: 26/26 levels left

rFire    x x .     SeeInvis .   b - +8 rapier of Oxeajecuere {venom, Dex+4}
rCold    . . .     Gourm    .   V - +3 buckler {AC+3}
rNeg     + . .     Faith    .   B - +7 ring mail of Liberalism {+Inv rElec rPois Str-3}
rPois    +         Spirit   +   Z - +2 hat of the Bear Spirit {Spirit, +Rage rN+ MR++}
rElec    +         Reflect  .   W - +2 cloak
rCorr    +         Harm     .   o - +0 pair of gloves
MR       +++++                  K - +0 pair of boots "Tupesont" {+Inv rF- Regen+ rCorr}
Stlth    +++++.....             t - amulet of regeneration
HPRegen  1.24/turn              D - ring of protection from magic
MPRegen  0.21/turn              Y - ring of Symmetry {rF- Str+7 Dex+8 Slay+4}

@: mighty, agile, about to teleport, heroism, finesse, very slightly
contaminated, invisible
A: small, deterioration 1, mutation resistance 2
}: 2/15 runes: decaying, gossamer
a: Heroism, Finesse, Renounce Religion, Evoke Berserk Rage


You were on level 4 of the Vaults.
You worshipped Okawaru.
Okawaru was extremely pleased with you.
You were not hungry.

You visited 9 branches of the dungeon, and saw 45 of its levels.
You also visited: Sewer and Volcano.

You collected 6332 gold pieces.
You spent 827 gold pieces at shops.

Inventory:

Hand Weapons
 a - a +9 hunting sling of venom
 b - the +8 rapier of Oxeajecuere (weapon) {venom, Dex+4}
   (You found it on level 5 of the Lair of Beasts)

   It poisons the flesh of those it strikes.
   It affects your dexterity (+4).
 x - the +10 dagger "Pibad" {pierce, MR+ SInv}
   (You found it on level 15 of the Dungeon)

   It inflicts extra damage upon your enemies.
   It affects your resistance to hostile enchantments.
   It lets you see invisible.
 C - the +4 long sword of the Fool {speed, MR++}
   (You took it off a deep elf annihilator on level 3 of the Elven Halls)

   Attacks with this weapon are significantly faster.
   It affects your resistance to hostile enchantments.
 H - the +8 hunting sling of Exoneration {freeze, rElec}
   (Okawaru gifted it to you on level 3 of the Elven Halls)

   It causes projectiles fired from it to freeze those they strike, causing
   extra injury to most foes and up to half again as much damage against
   particularly susceptible opponents.
   They can also slow down cold-blooded creatures.
   It insulates you from electricity.
 S - the +10 hunting sling "Beetle's Bane" {flame, rF+ rC+ Int+2}
   (Okawaru gifted it to you on level 2 of the Lair of Beasts)

   It causes projectiles fired from it to burn those they strike, causing extra
   injury to most foes and up to half again as much damage against particularly
   susceptible opponents.
   It affects your intelligence (+2).
   It protects you from fire.
   It protects you from cold.
Missiles
 d - 428 sling bullets
 e - 252 stones (quivered)
Armour
 o - a +0 pair of gloves (worn)
 B - the +7 ring mail of Liberalism (worn) {+Inv rElec rPois Str-3}
   (You found it on level 2 of the Swamp)

   It affects your strength (-3).
   It insulates you from electricity.
   It protects you from poison.
   It lets you turn invisible.
 E - the +3 ring mail of Imperfection {*Corrode rPois rN+++}
   (Okawaru gifted it to you on level 4 of the Depths)

   It protects you from poison.
   It renders you almost immune to negative energy.
   It may corrode you when you take damage.
 K - the +0 pair of boots "Tupesont" (worn) {+Inv rF- Regen+ rCorr}
   (Okawaru gifted it to you on level 4 of the Vaults)

   It makes you vulnerable to fire.
   It lets you turn invisible.
   It increases your rate of regeneration.
   It protects you from acid and corrosion.
 V - a +3 buckler of protection (worn)
 W - a +2 cloak (worn)
 Z - the +2 hat of the Bear Spirit (worn) {Spirit, +Rage rN+ MR++}
   (Okawaru gifted it to you on level 3 of the Swamp)

   It protects you from negative energy.
   It affects your resistance to hostile enchantments.
   It lets you go berserk.
Jewellery
 p - an uncursed ring of see invisible
 t - an amulet of regeneration (around neck)
 v - an uncursed ring of protection from cold
 D - a ring of protection from magic (left hand)
 F - an uncursed ring of positive energy
 G - a +3 ring of dexterity
 L - an uncursed ring of protection from fire
 N - the ring of Gemo {rC+ rN+++ MR- Str+3 Dex+4}
   (You found it on level 3 of the Depths)

   [ring of protection from cold]

   It affects your strength (+3).
   It affects your dexterity (+4).
   It protects you from cold.
   It renders you almost immune to negative energy.
   It affects your resistance to hostile enchantments.
 O - a +2 ring of evasion
 Y - the ring of Symmetry (right hand) {rF- Str+7 Dex+8 Slay+4}
   (You found it on level 3 of the Depths)

   [ring of slaying]

   It affects your strength (+7).
   It affects your dexterity (+8).
   It affects your accuracy and damage with ranged weapons and melee attacks
   (+4).
   It makes you vulnerable to fire.
Wands
 c - a wand of scattershot (4)
 m - a wand of disintegration (88)
 q - a wand of digging (16)
 y - a wand of polymorph (61)
 M - a wand of paralysis (54)
 X - a wand of clouds (7)
Scrolls
 g - 8 scrolls of remove curse
 i - 26 scrolls of identify
 k - 10 scrolls of magic mapping
 u - 7 scrolls of blinking
 R - 10 scrolls of teleportation
 U - 2 scrolls of fear
Potions
 h - 5 potions of haste
 n - 7 potions of might
 r - 2 potions of cancellation
 s - 2 potions of invisibility
 w - 12 potions of curing
 z - 3 potions of agility
 A - a potion of resistance
 I - 7 potions of ambrosia
 P - 3 potions of berserk rage
Comestibles
 f - 70 rations
 j - 21 chunks of flesh


   Skills:
 - Level 22.0(27) Fighting
 - Level 18.4(24.9) Short Blades
 * Level 12.2(20.5) Long Blades
 - Level 22.0(27) Slings
 + Level 12.7(17.7) Armour
 + Level 18.1(23.1) Dodging
 - Level 1.1(6.1) Stealth
 + Level 18.9(23.9) Shields
 - Level 7.8 Invocations


You had 26 spell levels left.
You didn't know any spells.

Dungeon Overview and Level Annotations

Branches:
Dungeon (15/15)            Temple (1/1) D:4            Lair (6/6) D:9
  Swamp (4/4) Lair:3       Spider (4/4) Lair:3        Slime (0/5) Lair:6
    Orc (2/2) D:11            Elf (3/3) Orc:2        Vaults (5/5) D:13
  Crypt (0/3) Vaults:3     Depths (5/5) D:15            Zot (0/5) Depths:5

Altars:
Ashenzari
Cheibriados
Dithmenos
Elyvilon
Fedhas
Gozag
Hepliaklqana
Kikubaaqudgha
Makhleb
Nemelex Xobeh
Okawaru
Qazlal
Ru
Sif Muna
Trog
Uskayaw
Vehumet
Wu Jian
Xom
Yredelemnul
Zin
The Shining One
Beogh

Shops:
D:10 }   D:11 (!   D:14 *   Orc:2 :(*[   Elf:1 }   Elf:2 [   Vaults:2 =
Vaults:3 %   Vaults:4 [?%!}?   Depths:5 [

Portals:
Hell: Depths:1 Depths:2 Depths:3 Depths:4 Depths:5
Abyss: Depths:4
Pandemonium: Depths:2 Depths:3 Depths:4
Ziggurat: Depths:3

Annotations:
Elf:2 3 runed doors


Innate Abilities, Weirdness & Mutations

You are small and have problems with some larger weapons.
You are somewhat resistant to both further mutation and mutation removal.
Your body sometimes deteriorates upon taking damage.


Message History

The titan is almost dead.
The ice dragon completely misses you. You block the ice dragon's attack. x2
The titan hits you!!!
* * * LOW HITPOINT WARNING * * *
The tengu reaver completely misses you. x2
You block the tengu reaver's attack.
As you read the scroll of teleportation, it crumbles to dust.
You feel strangely unstable.
The quicksilver dragon completely misses you. x2
The deep troll completely misses you. x2; You block the deep troll's attack.
You block the vault guard's attack.
The stone giant hits you but does no damage.
You block the deep troll earth mage's attack. x2
The deep troll earth mage completely misses you.
The titan hits you!!
* * * LOW HITPOINT WARNING * * *
The quicksilver dragon completely misses you. x2
The ice dragon breathes frost at you. The blast of cold hits you!
You die...

......#........####
#......#
#'##############
######## ..# ..#
############## ..# ###
#.##.#.#.#.#.# ..# ##.##
#(#........... ..#
##...###['....)......
..#
##..TCT#.##...........
#'#
##.#.p@D.####.#.#.#.#.#
#.# #.###DCQ##
########### .## #.#
##*## #.# #.# ###
.##########'### ####
#.#.......(.(.# #...
..'.#.......#.# ######
#...
#.#.......(...#####⌠.⌠.#
#...
.##.#...(.((#.#.....∩..#
#...


You could see a titan, an ice dragon, a quicksilver dragon, a stone giant, a
tengu reaver, a vault guard, a deep troll, a deep troll earth mage and a
battlesphere.

Vanquished Creatures
  Mennas (Vaults:3)
  2 juggernauts
  Mara (Swamp:4)
  Sojobo (Vaults:3)
  Saint Roka (Vaults:4)
  6 caustic shrikes
  Nikola (Spider:1)
  3 tentacled monstrosities
  Rupert (Spider:1)
  8 liches
  2 titans (Depths:4)
  Asterion (Spider:1)
  3 deep elf master archers (Elf:3)
  A quicksilver dragon (Vaults:5)
  An acid blob (shapeshifter) (Depths:2)
  4 sphinxes
  7 thorn hunters
  6 tengu reavers
  3 storm dragons
  Kirke (Lair:5)
  3 shadow dragons
  A draconian monk (Depths:5)
  10 fire giants
  8 frost giants
  A draconian knight (Depths:5)
  3 deep elf sorcerers
  17 vault wardens
  Louise (Elf:1)
  Aizul (Vaults:4)
  6 ghost moths
  An orc warlord (Orc:2)
  3 iron dragons
  4 emperor scorpions
  A draconian shifter (Depths:5)
  3 deep elf elementalists
  15 stone giants
  11 ironheart preservers
  4 entropy weavers
  A juggernaut zombie (Depths:4)
  A war gargoyle (Vaults:5)
  3 vampire knights
  7 spriggan defenders
  25 very ugly things
  8 deep elf demonologists
  2 green draconians (Depths:5)
  7 deep elf annihilators
  Nessos (Lair:6)
  Azrael (Elf:1)
  A red draconian (Depths:5)
  3 black draconians (Depths:5)
  8 spark wasps
  11 deep elf death magi
  11 ettins
  The ghost of teko the Blocker, a journeyman FoFi of Wu Jian (D:12)
  14 fire dragons
  Josephine (D:14)
  13 deep elf high priests
  13 ogre magi
  13 great orbs of eyes
  Fannar (Orc:1)
  12 yaktaur captains
  29 vault guards
  36 hydras
  8 ice dragons
  6 rakshasas
  4 spriggan air magi
  12 centaur warriors
  A death knight (Vaults:3)
  A ghost crab (Swamp:2)
  44 two-headed ogres
  6 deep troll shamans
  A satyr (shapeshifter) (Depths:2)
  9 alligators
  3 orc high priests (Orc:2)
  5 tengu warriors
  The ghost of Gitz the Cleaver, a novice DsBe of Trog (D:9)
  11 deep troll earth magi
  The ghost of matti1234 the Jinx, a novice FoAM of Ru (Lair:1)
  10 dancing weapons
  5 spriggan berserkers
  Sonja (D:11)
  2 vampire magi
  Urug (Lair:2)
  2 hell knights
  5 spriggans
  An iron troll (Depths:1)
  A sun demon (Depths:3)
  The ghost of Goboxel the Thaumaturge, a novice DECj of Vehumet (Lair:1)
  13 deep elf knights
  3 flayed ghosts
  The ghost of Goboxel the Charmwright, a novice GnSk of the Shining One (D:6)
  2 skeletal warriors (Vaults:3)
  2 unseen horrors (Vaults:1)
  2 glowing orange brains
  11 deep elf archers
  A spriggan druid (Swamp:4)
  2 swamp dragons
  35 deep trolls
  16 orc knights
  A lindwurm (Lair:6)
  5 wizards
  18 ironbrand convokers
  An obsidian statue (Volcano)
  3 phantasmal warriors
  A golden dragon skeleton (Depths:4)
  5 oklob plants
  3 shambling mangroves
  3 harpies (Vaults:2)
  37 deep elf magi
  42 wolf spiders
  32 orb spiders
  7 orc sorcerers
  5 necromancers
  A wolf spider (shapeshifter) (Vaults:4)
  3 manticores
  A salamander (Depths:1)
  44 ugly things
  11 elephants
  9 cyclopes
  An iron dragon skeleton (Depths:4)
  3 moths of wrath
  A naga mage (Vaults:1)
  11 vault sentinels
  10 black mambas
  2 torpor snails
  A guardian serpent (shapeshifter) (D:13)
  An orange demon (Depths:3)
  18 spiny frogs
  3 molten gargoyles (Lair:6)
  3 rime drakes
  68 yaktaurs
  6 kobold demonologists
  A yaktaur zombie (Vaults:4)
  A hellion (Depths:3)
  An efreet (D:14)
  20 demonic crawlers
  3 freezing wraiths
  A small abomination (Elf:1)
  12 komodo dragons
  3 human skeletons (Vaults:4)
  4 tengu conjurers
  14 trolls
  A polar bear (Lair:4)
  2 red devils
  51 jumping spiders
  A jumping spider (shapeshifter) (Depths:2)
  Prince Ribbit (D:6)
  The ghost of Gitz the Chopper, an amateur DsBe of Trog (D:4)
  20 blink frogs
  7 tyrant leeches
  22 hornets
  A raiju (shapeshifter) (Vaults:2)
  10 bog bodies
  13 hippogriffs
  13 slime creatures
  A meliai zombie (D:15)
  An ettin skeleton (Vaults:4)
  A spriggan (shapeshifter) (Vaults:4)
  35 tarantellas
  4 water elementals
  3 shadows
  100 redbacks
  6 air elementals
  A basilisk (shapeshifter) (Vaults:1)
  2 fire elementals
  5 hogs
  2 wyverns (Lair:6)
  41 yaks
  5 wraiths
  6 fire bats (Volcano)
  2 basilisks
  A yak (shapeshifter) (Depths:4)
  22 humans
  A chaos spawn (Depths:3)
  10 vampire mosquitoes
  Menkaure (D:6)
  2 steam dragons (Lair:6)
  A harpy simulacrum (D:15)
  16 swamp worms
  6 wargs
  A soldier ant (D:15)
  2 acid dragons
  8 porcupines
  8 water moccasins
  2 floating eyes
  54 orc warriors
  8 hell hounds
  12 swamp drakes
  A hornet zombie (D:8)
  5 sky beasts
  42 ogres
  2 black bears
  10 ice beasts
  A necrophage (D:8)
  20 centaurs
  8 boggarts
  4 phantoms
  15 wolves
  4 crocodiles
  26 big kobolds
  A bullfrog (shapeshifter) (Vaults:1)
  15 bullfrogs
  An elf simulacrum (Vaults:1)
  6 earth elementals
  A wyvern zombie (D:14)
  7 scorpions
  3 killer bees (D:8)
  15 wights
  3 electric eels
  2 howler monkeys
  A bullfrog zombie (D:11)
  9 crimson imps
  11 lava snakes
  A centaur zombie (D:8)
  10 hounds
  3 jellies
  2 bullfrog skeletons
  4 centaur skeletons
  A quasit (Depths:3)
  20 orc priests
  2 iron imps (Depths:3)
  23 orc wizards
  4 iguanas
  4 worker ants
  A hound zombie (D:8)
  A worker ant zombie (D:6)
  13 adders
  2 shadow imps
  2 white imps (Depths:3)
  3 ufetubi (Depths:3)
  An ooze (shapeshifter) (Depths:5)
  3 oozes
  2 adder skeletons
  A worm (D:3)
  3 dart slugs
  27 leopard geckos
  130 orcs
  22 giant cockroaches
  5 goblins
  3 hobgoblins
  15 jackals
  40 kobolds
  3 quokkas
  15 ball pythons
  13 bats
  16 frilled lizards
  A giant cockroach zombie (D:4)
  A leopard gecko skeleton (D:5)
  9 rats
  2 crawling corpses (Elf:3)
2154 creatures vanquished.

Vanquished Creatures (others)
  2 very ugly things
  2 ironheart preservers (Vaults:5)
  A deep elf high priest (Vaults:5)
  A spriggan air mage (Depths:4)
  2 vault guards (Vaults:5)
  A yaktaur (Vaults:5)
  A warg (Vaults:5)
  A hell hound (Lair:6)
  An orc warrior (Orc:2)
  2 ogres
  An orc wizard (Elf:1)
  An orc (Elf:1)
  7 fungi
  3 plants (Lair:6)
26 creatures vanquished.

Grand Total: 2180 creatures vanquished

Notes
Turn   | Place    | Note
-------+----------+-------------------------------------------
     0 | D:1      | Oravi the Halfling Hunter began the quest for the Orb.
     0 | D:1      | Reached XP level 1. HP: 14/14 MP: 1/1
   147 | D:1      | Reached XP level 2. HP: 19/19 MP: 2/2
   374 | D:1      | Reached XP level 3. HP: 24/24 MP: 3/3
  1084 | D:2      | Reached XP level 4. HP: 15/29 MP: 4/4
  1626 | D:3      | Noticed a bullfrog
  1631 | D:3      | Killed a bullfrog
  1631 | D:3      | Reached skill level 1 in Armour
  1631 | D:3      | Reached XP level 5. HP: 34/34 MP: 5/5
  1877 | D:3      | Reached XP level 6. HP: 37/39 MP: 6/6
  2350 | D:3      | Found an opulent altar of Gozag.
  2439 | D:3      | Found a shadowy altar of Dithmenos.
  2724 | D:4      | Found a staircase to the Ecumenical Temple.
  2733 | Temple   | Entered the Ecumenical Temple
  2907 | Temple   | Became a worshipper of Warmaster Okawaru
  2957 | D:4      | Reached skill level 10 in Slings
  2986 | D:4      | Found a glowing drain.
  3006 | Sewer    | Entered a sewer
  3195 | Sewer    | Reached XP level 7. HP: 41/44 MP: 7/7
  3789 | D:4      | Reached * piety under Okawaru
  3805 | D:4      | Noticed Gitz's ghost (amateur DsBe)
  3810 | D:4      | Reached XP level 8. HP: 49/49 MP: 8/8
  4127 | D:4      | Found a shimmering altar of Xom.
  4136 | D:4      | Found a bloodstained altar of Trog.
  4492 | D:5      | Entered Level 5 of the Dungeon
  4817 | D:5      | Reached ** piety under Okawaru
  5359 | D:5      | Reached XP level 9. HP: 46/55 MP: 9/9
  5706 | D:6      | Noticed Goboxel's ghost (novice GnSk)
  5747 | D:6      | Noticed Prince Ribbit
  5757 | D:6      | Killed Prince Ribbit
  5757 | D:6      | Reached skill level 1 in Short Blades
  6203 | D:6      | Noticed Menkaure
  6210 | D:6      | Killed Menkaure
  7161 | D:7      | Found a hazy altar of Hepliaklqana.
  7256 | D:7      | Reached *** piety under Okawaru
  7325 | D:7      | Found a sacrificial altar of Ru.
  7446 | D:7      | Gained mutation: Your body sometimes deteriorates upon taking damage. [potion of mutation]
  7446 | D:7      | Gained mutation: You have large cloven feet. [potion of mutation]
  7539 | D:8      | Reached skill level 5 in Fighting
  7743 | D:8      | Reached XP level 10. HP: 53/65 MP: 10/10
  8373 | D:8      | Reached skill level 5 in Short Blades
  8712 | D:8      | Reached **** piety under Okawaru
  8758 | D:8      | Found a roughly hewn altar of Beogh.
  9079 | D:9      | Noticed Gitz's ghost (novice DsBe)
  9118 | D:9      | Killed Gitz's ghost
  9118 | D:9      | Received a gift from Okawaru
  9214 | D:4      | Killed Gitz's ghost
  9321 | D:4      | Found an ornate altar of the Wu Jian Council.
  9324 | D:4      | Found a stormy altar of Qazlal.
  9327 | D:4      | Found a blossoming altar of Fedhas.
  9606 | D:6      | Killed Goboxel's ghost
  9606 | D:6      | Reached skill level 5 in Armour
  9697 | D:9      | Found a sparkling altar of Nemelex Xobeh.
  9762 | D:9      | Noticed a two-headed ogre
  9805 | D:9      | Killed a two-headed ogre
  9805 | D:9      | Reached ***** piety under Okawaru
  9805 | D:9      | Reached skill level 5 in Dodging
  9805 | D:9      | Reached XP level 11. HP: 26/78 MP: 11/11
 10116 | D:9      | Received a gift from Okawaru
 10341 | D:9      | Found a staircase to the Lair.
 11301 | D:10     | Entered Level 10 of the Dungeon
 11798 | D:10     | Found Parroetz's Gadget Emporium.
 12256 | D:10     | Reached skill level 10 in Fighting
 12892 | D:11     | Found Yhe Qitt's Distillery.
 12937 | D:11     | Reached XP level 12. HP: 87/87 MP: 12/12
 13003 | D:11     | Noticed Sonja
 13012 | D:11     | Killed Sonja
 13377 | D:11     | Found Yblatuqo's Armour Shop.
 13377 | D:11     | Found a staircase to the Orcish Mines.
 13477 | D:11     | Found Kilisy Tiddo's Weapon Shop.
 13635 | D:11     | Received a gift from Okawaru
 14023 | D:11     | Got a pitted dagger
 14024 | D:11     | Identified the +7 dagger "Uklecit" {venom, MR++} (You found it on level 11 of the Dungeon)
 14052 | D:11     | Received a gift from Okawaru
 14202 | D:11     | Bought a potion of mutation for 120 gold pieces
 14202 | D:11     | Lost mutation: You have large cloven feet. [potion of mutation]
 14202 | D:11     | Lost mutation: Your body sometimes deteriorates upon taking damage. [potion of mutation]
 14302 | D:12     | Noticed teko's ghost (journeyman FoFi)
 14843 | D:12     | Noticed a two-headed ogre
 14850 | D:12     | Noticed a two-headed ogre
 14988 | D:12     | Killed a two-headed ogre
 14988 | D:12     | Received a gift from Okawaru
 15220 | D:12     | Received a gift from Okawaru
 15315 | D:12     | Received a gift from Okawaru
 15385 | D:12     | Killed a two-headed ogre
 15613 | D:13     | Received a gift from Okawaru
 15633 | D:13     | Noticed a two-headed ogre
 15643 | D:13     | Killed a two-headed ogre
 15753 | D:13     | Reached skill level 1 in Invocations
 15753 | D:13     | Reached XP level 13. HP: 92/96 MP: 13/13
 15758 | D:13     | Noticed an eight-headed hydra
 15964 | D:13     | Reached skill level 10 in Short Blades
 16311 | D:13     | Killed an eight-headed hydra
 16311 | D:13     | Received a gift from Okawaru
 16433 | D:13     | Noticed a centaur warrior
 16445 | D:13     | Killed a centaur warrior
 16482 | D:13     | Received a gift from Okawaru
 16948 | D:13     | Reached ****** piety under Okawaru
 17000 | D:13     | Received a gift from Okawaru
 17045 | D:13     | Noticed a vault guard
 17066 | D:13     | Killed a vault guard
 17248 | D:13     | Found a gate to the Vaults.
 17412 | D:13     | Received a gift from Okawaru
 17413 | D:13     | Got a steaming hunting sling {god gift}
 17414 | D:13     | Identified the +1 hunting sling "Hiotyk" {freeze, +Blink rElec} (Okawaru gifted it to you on level 13 of the Dungeon)
 17847 | Lair:1   | Entered Level 1 of the Lair of Beasts
 17860 | Lair:1   | Noticed Goboxel's ghost (novice DECj)
 17877 | Lair:1   | Killed Goboxel's ghost
 17888 | Lair:1   | Noticed matti1234's ghost (novice FoAM)
 17929 | Lair:1   | Killed matti1234's ghost
 18114 | Lair:1   | Noticed a four-headed hydra
 18125 | Lair:1   | Killed a four-headed hydra
 18125 | Lair:1   | Reached XP level 14. HP: 106/106 MP: 15/15
 19137 | Lair:2   | Noticed Urug
 19152 | Lair:2   | Killed Urug
 19586 | Lair:2   | Received a gift from Okawaru
 20078 | Lair:2   | Got a slimy hunting sling {god gift}
 20079 | Lair:2   | Identified the +10 hunting sling "Beetle's Bane" {flame, rF+ rC+ Int+2} (Okawaru gifted it to you on level 2 of the Lair of Beasts)
 20684 | Lair:3   | Found a hole to the Spider Nest.
 21063 | Lair:3   | Found a staircase to the Swamp.
 21470 | Lair:4   | Received a gift from Okawaru
 21532 | Lair:4   | Reached skill level 10 in Dodging
 22928 | Lair:5   | Reached XP level 15. HP: 110/114 MP: 18/18
 22934 | Lair:5   | Reached skill level 5 in Invocations
 22938 | Lair:5   | Received a gift from Okawaru
 23904 | Lair:5   | Got a fine rapier
 23905 | Lair:5   | Identified the +8 rapier of Oxeajecuere {venom, Dex+4} (You found it on level 5 of the Lair of Beasts)
 23934 | Lair:6   | Entered Level 6 of the Lair of Beasts
 24256 | Lair:5   | Reached skill level 1 in Shields
 24846 | Lair:6   | Noticed Kirke
 24870 | Lair:5   | Killed Kirke
 25560 | Lair:6   | Found a staircase to the Slime Pits.
 26251 | Lair:6   | Received a gift from Okawaru
 26498 | Lair:6   | Received a gift from Okawaru
 26506 | Lair:6   | Noticed Nessos
 26639 | Lair:6   | Killed Nessos
 27008 | Lair:6   | Received a gift from Okawaru
 27017 | Lair:6   | Got encrusted gold dragon scales {god gift}
 27052 | Lair:6   | Identified the +16 gold dragon scales "Siock" {+Inv rPois rF+ rC+} (Okawaru gifted it to you on level 6 of the Lair of Beasts)
 27352 | Lair:6   | Found a large runed door.
 27352 | Lair:6   | Found a large runed door.
 27546 | Lair:6   | Reached skill level 5 in Shields
 27860 | D:12     | Killed teko's ghost
 27860 | D:12     | Reached XP level 16. HP: 120/120 MP: 20/20
 27912 | D:14     | Noticed Josephine
 27930 | D:14     | Killed Josephine
 27930 | D:14     | Reached skill level 15 in Fighting
 28154 | D:14     | Found Poawyxua's General Store.
 28218 | D:14     | Bought a scroll of enchant armour for 97 gold pieces
 28919 | D:14     | Reached skill level 10 in Armour
 29103 | D:15     | Entered Level 15 of the Dungeon
 29414 | D:15     | Found a radiant altar of Vehumet.
 29624 | D:15     | Received a gift from Okawaru
 29816 | D:15     | Noticed a fire giant
 30120 | D:15     | Received a gift from Okawaru
 30618 | D:15     | Killed a fire giant
 30905 | D:15     | Received a gift from Okawaru
 31306 | D:15     | Found a staircase to the Depths.
 31418 | D:15     | Gained mutation: Scrolls take you a little longer to read. [mutagenic glow]
 31480 | D:15     | Got a bloodstained dagger
 31586 | Orc:1    | Entered Level 1 of the Orcish Mines
 31884 | Orc:1    | Noticed Fannar
 31924 | Orc:1    | Killed Fannar
 32111 | Orc:2    | Entered Level 2 of the Orcish Mines
 32111 | Orc:2    | Found a staircase to the Elven Halls.
 32129 | Orc:2    | Found a roughly hewn altar of Beogh.
 32146 | Orc:2    | Reached skill level 15 in Slings
 32158 | Orc:2    | Found Ricajuts's Book Boutique.
 32201 | Orc:2    | Found a dark tunnel.
 32215 | Orc:2    | Identified the +10 dagger "Pibad" {pierce, MR+ SInv} (You found it on level 15 of the Dungeon)
 32222 | Volcano  | Entered a volcano
 32533 | Volcano  | Received a gift from Okawaru
 32535 | Volcano  | Found a burning altar of Makhleb.
 33213 | Orc:2    | Reached XP level 17. HP: 127/127 MP: 22/22
 33271 | Orc:2    | Found Beetuab's Antique Armour Shoppe.
 33327 | Orc:2    | Paralysed by an orc sorcerer for 3 turns
 33653 | Orc:2    | Found Fotauc's Antique Weapon Boutique.
 33685 | Orc:2    | Found Lojemoant's General Store.
 34186 | Orc:2    | Bought an ichor-stained leather armour for 182 gold pieces
 34196 | Orc:2    | Identified the cursed +1 leather armour of the Comet {-Tele Int+2 Dex+6} (You bought it in a shop on level 2 of the Orcish Mines)
 34404 | Swamp:1  | Entered Level 1 of the Swamp
 34600 | Swamp:1  | Paralysed by a hornet for 3 turns
 35927 | Swamp:2  | Got a crude ring mail
 35938 | Swamp:2  | Identified the +7 ring mail of Liberalism {+Inv rElec rPois Str-3} (You found it on level 2 of the Swamp)
 35968 | Swamp:2  | Noticed a thorn hunter
 35983 | Swamp:2  | Killed a thorn hunter
 37495 | Swamp:3  | Noticed a thorn hunter
 37517 | Swamp:3  | Killed a thorn hunter
 38324 | Swamp:3  | Noticed a thorn hunter
 38344 | Swamp:3  | Killed a thorn hunter
 38785 | Swamp:4  | Entered Level 4 of the Swamp
 38785 | Swamp:4  | Noticed a thorn hunter
 38807 | Swamp:3  | Killed a thorn hunter
 38807 | Swamp:3  | Received a gift from Okawaru
 38808 | Swamp:3  | Found the +2 hat of the Bear Spirit {Spirit, +Rage rN+ MR++}
 39291 | Swamp:4  | Noticed Mara
 39336 | Swamp:4  | Killed Mara
 39503 | Swamp:3  | Reached XP level 18. HP: 117/135 MP: 23/23
 39953 | Swamp:4  | Reached skill level 15 in Short Blades
 40296 | Swamp:4  | Received a gift from Okawaru
 40745 | Swamp:4  | Got a decaying rune of Zot
 41121 | Spider:1 | Entered Level 1 of the Spider Nest
 41175 | Spider:1 | Received a gift from Okawaru
 41846 | Spider:1 | Noticed Nikola
 41872 | Spider:1 | Killed Nikola
 42162 | Spider:1 | Noticed Rupert
 42175 | Spider:1 | Killed Rupert
 42175 | Spider:1 | Reached skill level 10 in Shields
 42194 | Spider:1 | Noticed Asterion
 42242 | Spider:1 | Killed Asterion
 43133 | Spider:2 | Reached XP level 19. HP: 143/143 MP: 24/24
 43144 | Spider:2 | Received a gift from Okawaru
 43630 | Spider:2 | Received a gift from Okawaru
 46767 | Spider:4 | Entered Level 4 of the Spider Nest
 47042 | Spider:4 | Received a gift from Okawaru
 47620 | Spider:4 | Received a gift from Okawaru
 47896 | Spider:4 | Reached XP level 20. HP: 151/151 MP: 25/25
 48243 | Spider:4 | Got a smelly scale mail
 49295 | Spider:4 | Got a gossamer rune of Zot
 49565 | Spider:4 | Got a fine hat {god gift}
 49568 | Spider:4 | Identified the +0 hat "Buhu" {Regen+} (Okawaru gifted it to you on level 4 of the Spider Nest)
 49580 | Spider:4 | Identified the +4 scale mail of the Slorg {rC- MR+++ Regen+ SInv} (You found it on level 4 of the Spider Nest)
 49887 | Elf:1    | Entered Level 1 of the Elven Halls
 50084 | Elf:1    | Noticed Louise
 50114 | Elf:1    | Received a gift from Okawaru
 50115 | Elf:1    | Got a warped buckler {god gift}
 50144 | Elf:1    | Killed Louise
 50162 | Elf:1    | Identified the +0 buckler of Nousaom {rF- rC+ Dex+3 SInv} (Okawaru gifted it to you on level 1 of the Elven Halls)
 50281 | Elf:1    | Noticed Azrael
 50334 | Elf:1    | Killed Azrael
 51229 | Elf:1    | Found Loheyf's Gadget Boutique.
 51559 | Elf:2    | Found a runed gate.
 51559 | Elf:2    | Found a runed gate.
 51559 | Elf:2    | Found a runed gate.
 51935 | Elf:2    | Found Ciurifiu's Armour Boutique.
 52433 | Elf:3    | Entered Level 3 of the Elven Halls
 52745 | Elf:3    | Reached XP level 21. HP: 156/159 MP: 26/26
 52905 | Elf:3    | Received a gift from Okawaru
 53464 | Elf:3    | Got a polished hunting sling {god gift}
 53497 | Elf:3    | Noticed a Brimstone Fiend
 53990 | Elf:3    | Received a gift from Okawaru
 54268 | Elf:3    | Identified the +8 hunting sling of Exoneration {freeze, rElec} (Okawaru gifted it to you on level 3 of the Elven Halls)
 54766 | Elf:3    | Identified the Almanac of the Shifting Rocks
 54768 | Elf:3    | Got a fine long sword {speed}
 54805 | Elf:3    | Identified the Disquisition on Shifting Clay
 55147 | Elf:3    | Identified the +4 long sword of the Fool {speed, MR++} (You took it off a deep elf annihilator on level 3 of the Elven Halls)
 55416 | Elf:3    | Got a pitted leather armour
 55419 | Elf:3    | Identified the +2 leather armour of Understanding {rF+ MP+9 Int+2} (You took it off a deep elf demonologist on level 3 of the Elven Halls)
 55633 | D:9      | Lost mutation: Scrolls take you a little longer to read. [potion of mutation]
 55910 | Vaults:1 | Entered Level 1 of the Vaults
 56002 | Vaults:1 | Received a gift from Okawaru
 56138 | Vaults:1 | Received a gift from Okawaru
 56372 | Vaults:1 | Received a gift from Okawaru
 57052 | Vaults:1 | Noticed a Tzitzimitl
 57832 | Vaults:1 | Reached XP level 22. HP: 101/167 MP: 17/27
 57986 | Vaults:1 | Received a gift from Okawaru
 58504 | Vaults:1 | Found a radiant altar of Vehumet.
 58506 | Vaults:1 | Found the +3 robe of Folly {Archmagi, MR-- Int+5}
 58727 | Vaults:2 | Reached skill level 15 in Dodging
 58771 | Vaults:2 | Found Caugesu's Jewellery Emporium.
 58775 | Vaults:2 | Received a gift from Okawaru
 58894 | Vaults:2 | Reached skill level 1 in Long Blades
 59234 | Vaults:1 | Received a gift from Okawaru
 60008 | Vaults:2 | Received a gift from Okawaru
 60444 | Vaults:2 | You are sucked into a shaft!
 61221 | Vaults:3 | Found a staircase to the Crypt.
 61221 | Vaults:3 | Found a basalt altar of Yredelemnul.
 61222 | Vaults:3 | Found an ancient bone altar of Kikubaaqudgha.
 61446 | Vaults:3 | Received a gift from Okawaru
 61819 | Vaults:3 | Received a gift from Okawaru
 61920 | Vaults:3 | Received a gift from Okawaru
 62625 | Vaults:3 | Reached XP level 23. HP: 174/174 MP: 28/28
 62646 | Vaults:3 | Reached skill level 5 in Long Blades
 62835 | Vaults:3 | Noticed Mennas
 62906 | Vaults:3 | Killed Mennas
 63144 | Vaults:3 | Found Irarem's Food Boutique.
 63199 | Vaults:3 | Noticed Sojobo
 63219 | Vaults:3 | Received a gift from Okawaru
 63647 | Vaults:3 | Killed Sojobo
 64756 | Vaults:4 | Found Poebav's Magic Scroll Boutique.
 64829 | Vaults:4 | Found Acafut's Food Shop.
 65069 | Vaults:4 | Noticed Saint Roka
 65188 | Vaults:4 | Noticed Aizul
 65204 | Vaults:4 | Received a gift from Okawaru
 65220 | Vaults:4 | Killed Aizul
 65496 | Vaults:4 | Received a gift from Okawaru
 65497 | Vaults:4 | Got a pair of ichor-stained boots {god gift}
 65524 | Vaults:4 | Identified the +0 pair of boots "Tupesont" {+Inv rF- Regen+ rCorr} (Okawaru gifted it to you on level 4 of the Vaults)
 65748 | Vaults:4 | Killed Saint Roka
 66148 | Vaults:4 | Found Guopteha's Magic Scroll Shoppe.
 66190 | Vaults:4 | Found Qaytopryi's Distillery.
 66209 | Vaults:4 | Found Huqixor's Gadget Shop.
 66221 | Vaults:4 | Bought a potion of might for 68 gold pieces
 66221 | Vaults:4 | Bought a potion of mutation for 136 gold pieces
 66221 | Vaults:4 | Bought a potion of agility for 68 gold pieces
 66221 | Vaults:4 | Bought a potion of curing for 51 gold pieces
 66225 | Vaults:4 | Found Bayn's Armour Emporium.
 66900 | Vaults:4 | Gained mutation: You are frail. (-10% HP) [potion of mutation]
 67161 | Vaults:4 | Bought a scroll of enchant armour for 105 gold pieces
 67345 | D:9      | Lost mutation: You are frail. (-10% HP) [potion of mutation]
 67345 | D:9      | Gained mutation: You are somewhat resistant to both further mutation and mutation removal. [potion of mutation]
 67453 | Depths:1 | Entered Level 1 of the Depths
 67994 | Depths:1 | Reached XP level 24. HP: 89/183 MP: 13/28
 68075 | Depths:1 | Received a gift from Okawaru
 68272 | Depths:1 | Found the +6 shillelagh "Devastator" {shatter}
 68519 | Depths:1 | Found a gateway to Hell.
 68766 | Depths:1 | Reached skill level 15 in Shields
 68808 | Depths:1 | Received a gift from Okawaru
 68812 | Depths:1 | Got a dazzling triple crossbow {god gift}
 69436 | Depths:2 | Identified a scroll of acquirement
 69439 | Depths:2 | Got a scorched buckler
 69450 | Depths:2 | Identified the +2 buckler of Toizow {Int+3} (You acquired it on level 2 of the Depths)
 69854 | Depths:2 | Received a gift from Okawaru
 70200 | Depths:2 | Found a one-way gate leading to the halls of Pandemonium.
 70537 | Depths:2 | Received a gift from Okawaru
 71443 | Depths:2 | Reached XP level 25. HP: 166/192 MP: 26/28
 72080 | Depths:3 | Noticed a juggernaut
 72209 | Depths:3 | Noticed a caustic shrike
 72234 | Depths:3 | Killed a caustic shrike
 72349 | Depths:3 | Received a gift from Okawaru
 72597 | Depths:3 | Found a gateway to a ziggurat.
 72687 | Depths:3 | Killed a juggernaut
 72908 | Depths:3 | Got a smoking lead ring
 72910 | Depths:3 | Identified the ring of Gemo {rC+ rN+++ MR- Str+3 Dex+4} (You found it on level 3 of the Depths)
 72984 | Depths:3 | Got a slimy platinum ring
 72986 | Depths:3 | Identified the ring of Symmetry {rF- Str+7 Dex+8 Slay+4} (You found it on level 3 of the Depths)
 72996 | Depths:3 | Got a twitching marble ring
 72998 | Depths:3 | Identified the ring of Learein {Ice Str+5} (You took it off a frost giant on level 3 of the Depths)
 73011 | Depths:3 | Got a heavily runed ivory ring
 73013 | Depths:3 | Identified the ring of Riqox {Wiz *Contam rElec MR+} (You found it on level 3 of the Depths)
 73027 | Depths:3 | Gained mutation: Your body sometimes deteriorates upon taking damage. [mutagenic glow]
 73948 | Depths:4 | Reached skill level 10 in Long Blades
 74720 | Depths:4 | Received a gift from Okawaru
 74893 | Depths:4 | Noticed a juggernaut
 74915 | Depths:4 | Killed a juggernaut
 74915 | Depths:4 | Reached XP level 26. HP: 186/200 MP: 25/28
 75039 | Depths:4 | Received a gift from Okawaru
 75232 | Depths:4 | Received a gift from Okawaru
 75233 | Depths:4 | Got an ichor-stained ring mail {god gift}
 75375 | Depths:4 | Identified the +3 ring mail of Imperfection {*Corrode rPois rN+++} (Okawaru gifted it to you on level 4 of the Depths)
 76194 | Depths:4 | Found a one-way gate to the infinite horrors of the Abyss.
 76447 | Depths:4 | Paralysed by a floating eye for 2 turns
 76453 | Depths:4 | Paralysed by a floating eye for 3 turns
 77059 | Depths:5 | Entered Level 5 of the Depths
 77350 | Depths:5 | Found a gate to the Realm of Zot.
 77790 | Depths:5 | Found a shimmering altar of Xom.
 78171 | Depths:5 | Received a gift from Okawaru
 78232 | Depths:5 | Found Qem Yvuz's Armour Shoppe.
 79104 | Vaults:5 | Entered Level 5 of the Vaults
 79120 | Vaults:5 | Received a gift from Okawaru
 79192 | Vaults:5 | Reached XP level 27. HP: 171/207 MP: 20/28
 79248 | Vaults:4 | Received a gift from Okawaru
 79427 | Vaults:4 | Killed from afar by an ice dragon

Skill      XL: |  1  2  3  4  5  6  7  8  9 10 11 12 13 14 15 16 17 18 19 20 21 22 23 24 25 26 27 |
---------------+----------------------------------------------------------------------------------+-----
Slings         | 6 7 8 9 10 12 13 14 15 16 17 18 19 20 21 22 | 22.0
Armour         | 1 2 3 5 6 7 8 9 10 11 12 | 12.7
Dodging        | 3 4 5 6 7 8 10 11 12 13 14 15 16 17 18 | 18.1
Fighting       | 2 5 8 10 11 13 14 15 16 17 18 19 20 21 22 | 22.0
Short Blades   | 4 6 8 9 11 12 13 14 15 16 17 18 | 18.4
Invocations    | 1 2 4 6 7 |  7.8
Shields        | 5 6 8 10 11 12 13 14 15 17 18 | 18.9
Long Blades    | 4 7 9 10 12 | 12.2
Stealth        | |  1.1

Action                   |  1- 3 |  4- 6 |  7- 9 | 10-12 | 13-15 | 16-18 | 19-21 | 22-24 | 25-27 || total
-------------------------+-------+-------+-------+-------+-------+-------+-------+-------+-------++-------
Melee: Dagger            |       |       |    26 |   193 |    92 |       |    10 |    44 |    24 ||   389
       Kick              |       |       |       |    77 |       |       |       |       |       ||    77
       Short sword       |       |       |       |     3 |       |       |       |       |       ||     3
       Punch             |       |       |       |     1 |       |       |       |       |       ||     1
       Rapier            |       |       |       |       |   157 |   466 |   729 |  1124 |   642 ||  3118
       Unarmed           |       |       |       |       |     1 |       |       |       |       ||     1
       Long sword        |       |       |       |       |       |       |       |    46 |    78 ||   124
 Fire: Hunting sling     |   100 |   228 |   444 |  1021 |  1334 |  1712 |  2023 |  1969 |  1367 || 10198
Throw: Stone             |       |       |       |       |     1 |       |       |       |       ||     1
Invok: Heroism           |       |       |       |     9 |    16 |    16 |    25 |    22 |    19 ||   107
       Finesse           |       |       |       |       |     2 |     7 |     2 |     8 |     6 ||    25
Evoke: Wand              |       |       |       |       |       |       |     1 |       |       ||     1
  Use: Scroll            |     6 |     4 |     8 |    14 |    10 |    12 |    11 |     8 |     4 ||    77
       Potion            |       |     1 |     2 |     4 |     3 |     1 |     4 |     6 |    11 ||    32
 Stab: Confused          |       |       |       |       |       |     1 |       |       |       ||     1
  Eat: Chunk             |       |     7 |     6 |    17 |    34 |    28 |    22 |    37 |    23 ||   174
       Ration            |       |       |     2 |     2 |       |     5 |     6 |     1 |       ||    16
Armor: Leather armour    |     4 |     5 |    28 |     5 |       |       |       |       |       ||    42
       Ring mail         |       |       |       |    99 |   156 |   186 |   367 |   255 |   292 ||  1355
Dodge: Dodged            |    16 |    35 |    81 |   295 |   568 |   645 |  1210 |  1008 |  1269 ||  5127
Block: Buckler           |       |       |       |       |    83 |   409 |   762 |   806 |   957 ||  3017
       Rpst.: Long sword |       |       |       |       |       |       |       |     4 |     1 ||     5
